 Dungeon Crawl Stone Soup version 0.30-a0-948-g4fa250aae5 (webtiles) character file.

Game seed: 7917254764240701286

191 NinjaNoafa the Conjurer (level 5, -2/38 HPs)
             Began as a Draconian Conjurer on Mar 26, 2023.
             Was a Follower of Vehumet.
             Slain by a black bear (4 damage)
             ... on level 4 of the Dungeon.
             The game lasted 00:14:11 (2253 turns).

NinjaNoafa the Conjurer (Draconian Conjurer)        Turns: 2253, Time: 00:14:12

Health: -2/38      AC:  6    Str:  9    XL:     5   Next: 42%
Magic:  0/11       EV: 12    Int: 21    God:    Vehumet [*.....]
Gold:   190        SH:  0    Dex:  9    Spells: 10/13 levels left

rFire   + . .      SeeInvis .    t - +0 short sword
rCold   . . .      Faith    .    (no shield)
rNeg    . . .      Spirit   .    (body armour unavailable)
rPois   +          Reflect  .    (helmet restricted)
rElec   .          Rampage  .    q - +0 cloak
rCorr   .                        (no gloves)
Will    .....                    (no boots)
Stlth   ++                       l - amulet of the acrobat
HPRegen 0.26/turn                j - ring of protection from fire
MPRegen 0.12/turn                o - ring of poison resistance

@: hasted, very quick
A: AC +5, unfitting armour, cold-blooded
a: Renounce Religion


You were on level 4 of the Dungeon.
You worshipped Vehumet.
Vehumet was aware of your devotion.
You visited 1 branch of the dungeon, and saw 4 of its levels.

You collected 190 gold pieces.

Inventory:

Hand Weapons
 t - a +0 short sword (weapon)
Missiles
 g - 5 javelins
 w - a boomerang
Armour
 q - a +0 cloak (worn)
Magical Staves
 n - a staff of air
Jewellery
 j - a ring of protection from fire (left hand)
 l - an amulet of the acrobat (around neck)
 o - a ring of poison resistance (right hand)
Wands
 u - a wand of iceblast (10)
Scrolls
 b - 3 scrolls of identify {unknown}
 c - a scroll of enchant weapon {unknown}
 f - a scroll of brand weapon {unknown}
 h - 3 scrolls of teleportation {unknown}
 m - a scroll of enchant armour {unknown}
 p - a scroll of butterflies {unknown}
 r - a scroll of noise {unknown}
 s - 2 scrolls of blinking {unknown}
Potions
 a - a potion of magic
 d - a potion of might {unknown}
 e - a potion of lignification {unknown}
 i - a potion of haste
 k - a potion of flight {unknown}
 v - a potion of brilliance {unknown}


   Skills:
 - Level 1.7 Dodging
 - Level 1.7 Stealth
 + Level 4.5 Spellcasting
 - Level 5.0 Conjurations


You had 10 spell levels left.
You knew the following spells:

 Your Spells              Type           Power      Damage    Failure   Level
a - Magic Dart            Conj           100%       1d8       1%          1
b - Searing Ray           Conj           50%        2d6       2%          2

Your spell library contained the following spells:

 Spells                   Type           Power      Damage    Failure   Level
 Kiss of Death            Conj/Necr      60%        2d10      4%          1
 Dazzling Flash           Conj/Hex       30%        N/A       12%         3
 Fulminant Prism          Conj/Hex       7%         3d7       38%         4
 Iskenderun's Mystic Bla  Conj/Tloc      15%        2d5       38%         4


Dungeon Overview and Level Annotations

Branches:
Dungeon (4/15)
 Temple: D:4-7

Altars:
Dithmenos
Vehumet
Xom
Zin


Innate Abilities, Weirdness & Mutations

Your plain brown scales are hard. (AC +5)
You cannot fit into any form of body armour.
You are cold-blooded and may be slowed by cold attacks.


Message History

(Press . to maintain the ray.)
The black bear goes berserk!
The searing ray hits the black bear.
The black bear is severely wounded.
The black bear closely misses you. The black bear misses you.
The black bear barely misses you.
You hit the black bear.
The black bear is almost dead.
The black bear bites you but does no damage.
The black bear claws you.
The black bear claws you but does no damage.
The black bear bites you. The black bear closely misses you. x2
You barely miss the black bear.
The black bear is severely wounded.
The black bear bites you but does no damage.
The black bear barely misses you. The black bear claws you.
You hit the black bear.
The black bear is almost dead.
The black bear bites you!
The black bear claws you but does no damage.
The black bear claws you.
* * * LOW HITPOINT WARNING * * *
The black bear bites you!
* * * LOW HITPOINT WARNING * * *
The black bear claws you.
* * * LOW HITPOINT WARNING * * *
The black bear closely misses you.
You hit the black bear but do no damage.
You tail-slap the black bear.
The black bear is almost dead.
The black bear barely misses you.
The black bear claws you but does no damage.
The black bear claws you.
* * * LOW HITPOINT WARNING * * *
Okay, then.
Okay, then.
You feel yourself speed up. The black bear bites you.
* * * LOW HITPOINT WARNING * * *
The black bear claws you.
You die...

♣...##...###
.♣..........
..........#
..........##
.#.........#
.#.####..#)# #.##.#
#.##h# #.##@######
....
....K..K.##......#
...#.._...##########.#
..........O ####.#
.)........ #.##.#
#....#..# #. #.##.#
##....#..#.#.####.##.#
#.....#..#...........#
#.#.#..###.#.##..#.#


You could see a black bear (berserk).

Vanquished Creatures
  An orc priest (D:3)
  An orc wizard (D:2)
  4 adders
  2 worms
  2 dart slugs
  9 orcs
  7 bats
  6 endoplasms
  2 giant cockroaches
  8 goblins
  5 hobgoblins
  3 jackals (D:1)
  2 quokkas
  13 ball pythons
  8 frilled lizards
  4 kobolds
  A rat (D:2)
78 creatures vanquished.

Notes
Turn   | Place    | Note
-------+----------+-------------------------------------------
     0 | D:1      | NinjaNoafa the Draconian Conjurer began the quest for the
                  | Orb.
     0 | D:1      | Reached XP level 1. HP: 14/14 MP: 3/3
   193 | D:1      | Reached XP level 2. HP: 20/20 MP: 0/5
   196 | D:1      | Learned a level 2 spell: Searing Ray
   505 | D:1      | Found a faded altar of an unknown god.
   635 | D:1      | Reached skill level 5 in Conjurations
   640 | D:1      | Reached XP level 3. HP: 26/26 MP: 1/6
  1241 | D:2      | Found a shadowy altar of Dithmenos.
  1304 | D:2      | Reached XP level 4. HP: 30/33 MP: 0/8
  1542 | D:3      | Found a radiant altar of Vehumet.
  1571 | D:3      | Became a worshipper of Vehumet
  1766 | D:3      | Reached XP level 5. HP: 37/38 MP: 6/11
  1896 | D:3      | Found a glowing silver altar of Zin.
  1907 | D:3      | Reached * piety under Vehumet
  1907 | D:3      | Offered knowledge of Kiss of Death by Vehumet.
  2171 | D:4      | Found a shimmering altar of Xom.
  2172 | D:4      | Noticed an ogre
  2234 | D:4      | Noticed a black bear
  2253 | D:4      | Slain by a black bear

Illustrated notes

Levels and vault maps discovered:
D:1:      onia_arrival_pentagram, layout_basic,
          ebering_ecumenical_altar_petrified
D:2:      layout_basic, basic_altar
D:3:      layout_rooms, old_standard_altar, lemuel_doored_altar
D:4:      layout_basic, mainiacjoe_overflow_boulevard,
          mainiacjoe_overflow_24_doors, nicolae_elyvilon_peaceful_grove,
          minivault_26

Skill      XL: |  1  2  3  4 |
---------------+-------------+-----
Conjurations   | 5 |  5.0
Spellcasting   | 3 4 |  4.5
Dodging        | |  1.7
Stealth        | |  1.7

Action                     |  1- 3 |  4- 6 || total
---------------------------+-------+-------++-------
  Melee: Dagger            |    32 |     1 ||    33
         Tailslap          |     4 |     2 ||     6
         Short sword       |       |    28 ||    28
         Punch             |       |     2 ||     2
   Cast: Magic Dart        |    50 |    43 ||    93
         Searing Ray       |     7 |    11 ||    18
    Use: Potion            |       |     2 ||     2
   Stab: Sleeping          |       |     1 ||     1
 Armour: Skin              |     7 |    18 ||    25
  Dodge: Dodged            |    33 |    63 ||    96

Table legend: (Time is in decaauts)
 A = Elapsed time spent in this place.
 B = Non-inter-level travel time spent in this place.
 C = Inter-level travel time spent in this place.
 D = Time resting spent in this place.
 E = Time spent auto-exploring this place.
 F = Levels seen in this place.
 G = Mean time per level.
                   A        B        C        D        E       F      G
               +--------+--------+--------+--------+--------+-----+--------+
         Total |   2239 |   2082 |    157 |      0 |   1246 |   4 |  559.8 |
       Dungeon |   2239 |   2082 |    157 |      0 |   1246 |   4 |  559.8 |
               +--------+--------+--------+--------+--------+-----+--------+

Top non-repeatable levels by time:
     D:1: 879 daAuts
     D:2: 617 daAuts
     D:3: 503 daAuts
     D:4: 239 daAuts
